 Dungeon Crawl Stone Soup version 0.29-a0-598-gd8304a5bf4 (webtiles) character file.

Game seed: 11453588611739161850

74 happo123 the Ruffian (level 4, -4/41 HPs)
             Began as a Troll Transmuter on June 16, 2022.
             Slain by Grinder (5 damage)
             ... while paralysed by Grinder
             ... on level 3 of the Dungeon.
             The game lasted 00:06:14 (1562 turns).

happo123 the Ruffian (Troll Transmuter)             Turns: 1562, Time: 00:06:14

Health: -4/41      AC:  5    Str: 18    XL:     4   Next: 9%
Magic:  5/5        EV:  1    Int: 11    God:
Gold:   194        SH:  0    Dex: 10    Spells: 2/5 levels left

rFire   . . .      SeeInvis .     - Unarmed
rCold   . . .      Faith    .   (no shield)
rNeg    . . .      Spirit   .   a - +0 robe
rPois   .          Reflect  .   (helmet restricted)
rElec   .          Harm     .   n - +0 cloak
rCorr   .          Rampage  .   (gloves unavailable)
Will    .....                   (boots unavailable)
Stlth   +.........              (no amulet)
HPRegen 0.93/turn               (no ring)
MPRegen 0.09/turn               (no ring)

@: paralysed
A: large, unfitting armour, claws 3, regeneration 1, shaggy fur 1, tough skin 1
a: no special abilities


You were on level 3 of the Dungeon.
You visited 1 branch of the dungeon, and saw 3 of its levels.

You collected 194 gold pieces.

Inventory:

Hand Weapons
 k - a +2 flail of protection
Armour
 a - a +0 robe (worn)
 n - a +0 cloak (worn)
Wands
 o - a wand of paralysis (6)
Scrolls
 c - 3 scrolls of amnesia {unknown}
 d - a scroll of fog {unknown}
 i - a scroll of teleportation {unknown}
 j - 3 scrolls of identify {unknown}
 l - a scroll of noise {unknown}
 q - a scroll of poison {unknown}
Potions
 b - 4 potions of lignification
 e - a potion of heal wounds {unknown}
 f - a potion of cancellation {unknown}
 g - 2 potions of curing {unknown}
 h - a potion of flight {unknown}
 m - a potion of might {unknown}
 p - a potion of degeneration {unknown}


   Skills:
 + Level 1.2 Fighting
 + Level 1.9 Dodging
 * Level 3.6 Unarmed Combat
 + Level 1.4 Spellcasting
 * Level 2.0 Transmutations
 + Level 0.8 Ice Magic


You had 2 spell levels left.
You knew the following spells:

 Your Spells              Type           Power      Damage    Failure   Level
a - Beastly Appendage     Tmut           10%        N/A       13%         1
b - Wereblood             Tmut           5%         N/A       21%         2

Your spell library contained the following spells:

 Spells                   Type           Power      Damage    Failure   Level
 Spider Form              Tmut/Pois      3%         N/A       52%         3
 Ice Form                 Ice/Tmut       3%         N/A       86%         4


Dungeon Overview and Level Annotations

Branches:
Dungeon (3/15)

Altars:
Beogh

Annotations:
D:3 Grinder


Innate Abilities, Weirdness & Mutations

You are too large for most types of armour.
You have claws for hands.
Your natural rate of healing is unusually fast.
You are covered in fur. (AC +1)
You have tough skin. (AC +1)


Message History

Grinder gestures at you.
You suddenly lose the ability to move!
Grinder gestures at you.
You shrug off the repeated paralysis!
You can move again.
Casting: Beastly Appendage (safe; 13% risk of failure)
Press: ? - help, Q - select action, (/) - cycle Dir - look around, f - activate You grow a pair of large bovine horns.
Your feet morph into talons.
Your transformation is almost over.
Grinder says, "My boss said I was rubbish.
His entrails said otherwise."
Grinder gestures at you.
You shrug off the repeated paralysis!
Grinder gestures at you. Pain shoots through your body!
You barely miss Grinder. Your headbutt misses Grinder. Grinder hits you.
You scratch Grinder. Your kick misses Grinder.
Grinder is lightly wounded.
Grinder hits you.
You writhe in agony.
You claw Grinder! Your headbutt misses Grinder. You claw Grinder.
Grinder is moderately wounded.
Grinder hits you but does no damage.
You closely miss Grinder. You claw Grinder.
Grinder is heavily wounded.
Grinder gestures at you.
You suddenly lose the ability to move!
Grinder says, "Mostly I couldn't keep them alive."
Grinder hits you. Grinder hits you!
* * * LOW HITPOINT WARNING * * *
You writhe in agony.
* * * LOW HITPOINT WARNING * * *
Grinder hits you.
* * * LOW HITPOINT WARNING * * *
You writhe in agony.
* * * LOW HITPOINT WARNING * * *
Your horns disappear.
Your talons disappear.
Grinder hits you.
* * * LOW HITPOINT WARNING * * *
You writhe in agony.
You die...

# . ####. .....#+####
###.......# ......5...#
######### #....@..#
#....<...
#.......######.#.#####
...................>....
################.#..#.#
#............##
............†..
............###
............#
............#


You could see Grinder.

Vanquished Creatures
  An adder (D:2)
  2 worms
  2 dart slugs
  3 orcs (D:2)
  4 bats
  3 endoplasms
  A giant cockroach (D:1)
  2 goblins
  2 hobgoblins
  6 jackals (D:1)
  2 quokkas (D:2)
  5 ball pythons
  2 frilled lizards
  7 kobolds
  7 rats
49 creatures vanquished.

Notes
Turn   | Place    | Note
-------+----------+-------------------------------------------
     0 | D:1      | happo123 the Troll Transmuter began the quest for the Orb.
     0 | D:1      | Reached XP level 1. HP: 18/18 MP: 1/1
    54 | D:1      | Reached XP level 2. HP: 24/26 MP: 0/2
    89 | D:1      | Reached skill level 1 in Fighting
   105 | D:1      | Found a faded altar of an unknown god.
   790 | D:2      | Reached XP level 3. HP: 33/33 MP: 4/4
   818 | D:2      | Learned a level 2 spell: Wereblood
  1503 | D:2      | Reached XP level 4. HP: 41/41 MP: 5/5
  1547 | D:3      | Noticed Grinder
  1547 | D:3      | Paralysed by Grinder for 5 turns
  1558 | D:3      | Paralysed by Grinder for 4 turns
  1561 | D:3      | HP: 2/41 [Grinder (3)]
  1562 | D:3      | Slain by Grinder

Illustrated notes

Levels and vault maps discovered:
D:1:      minmay_arrival_glassed_features, layout_basic,
          hellmonk_ecumenical_altar_defaced_shrine, kennysheep_small_spiral
D:2:      layout_loops_ring, minmay_3d_cube
D:3:      cheibrodos_old_hovel, layout_basic, minmay_misc_feat_diagonals,
          uniq_natasha, uniq_robin, uniq_ijyb, uniq_grinder

Skill      XL: |  1  2  3 |
---------------+----------+-----
Fighting       | 1 |  1.2
Transmutations | 2 |  2.0
Dodging        | |  1.9
Unarmed Combat | |  3.6
Spellcasting   | |  1.4
Ice Magic      | |  0.8

Action                   |  1- 3 |  4- 6 || total
-------------------------+-------+-------++-------
Melee: Unarmed           |    96 |     8 ||   104
       Kick              |     3 |     1 ||     4
       Headbutt          |     2 |     1 ||     3
       Punch             |     2 |     1 ||     3
 Cast: Beastly Appendage |     4 |     2 ||     6
 Stab: Sleeping          |     1 |       ||     1
Armor: Robe              |    31 |     3 ||    34
Dodge: Dodged            |    48 |     1 ||    49

Table legend: (Time is in decaauts)
 A = Elapsed time spent in this place.
 B = Non-inter-level travel time spent in this place.
 C = Inter-level travel time spent in this place.
 D = Time resting spent in this place.
 E = Time spent auto-exploring this place.
 F = Levels seen in this place.
 G = Mean time per level.
                   A        B        C        D        E       F      G
               +--------+--------+--------+--------+--------+-----+--------+
         Total |   1555 |   1409 |    146 |      0 |   1047 |   3 |  518.3 |
       Dungeon |   1555 |   1409 |    146 |      0 |   1047 |   3 |  518.3 |
               +--------+--------+--------+--------+--------+-----+--------+

Top non-repeatable levels by time:
     D:1: 780 daAuts
     D:2: 729 daAuts
     D:3: 45 daAuts
